 Dungeon Crawl Stone Soup version 0.30-a0-219-gf2db51d15e (webtiles) character file.

Game seed: 3307825401566610963

2524 Zonian the Covert (level 9, -3/47 HPs)
             Began as a Vine Stalker Brigand on Oct 7, 2022.
             Succumbed to a gnoll bouda's poison
             ... on level 6 of the Dungeon.
             The game lasted 00:17:02 (7512 turns).

Zonian the Covert (Vine Stalker Brigand)            Turns: 7512, Time: 00:17:02

Health: -3/47      AC:  7    Str: 13    XL:     9   Next: 54%
Magic:  9/10       EV: 14    Int:  9    God:
Gold:   95         SH:  0    Dex: 21    Spells: 8/8 levels left

rFire   x . .      SeeInvis .    x - +7 Throatcutter {drain, coup de grace}
rCold   + + .      Faith    .    (no shield)
rNeg    . . .      Spirit   +    y - +2 leather armour {rC+}
rPois   .          Reflect  .    (no helmet)
rElec   .          Harm     .    c - +1 cloak
rCorr   .          Rampage  .    (no gloves)
Will    +....                    (no boots)
Stlth   ++++......               (no amulet)
HPRegen 1.07/turn                (no ring)
MPRegen 0.12/turn                o - ring of ice

@: lethally poisoned (-3 -> -25)
A: fangs 3, regeneration 1, magic shield, antimagic bite, no potion heal 2,
dopey 1, inability to drink after injury 1
a: no special abilities


You were on level 6 of the Dungeon.
You visited 1 branch of the dungeon, and saw 6 of its levels.
You also visited: Ossuary.

You collected 626 gold pieces.
You spent 531 gold pieces at shops.

Inventory:

Hand Weapons
 a - a +2 dagger
 h - a +2 dagger of protection
 i - a +2 flail of protection
 l - a +1 short sword of venom
 p - a +0 sling
 t - a +0 rapier of draining
 u - a +2 scythe of flaming
 x - the +7 Throatcutter (weapon) {drain, coup de grace}
   (You bought it in a shop on level 5 of the Dungeon)

   A truly terrible weapon, it drains the life of any living foe it strikes.
   It may instantly kill foes which have little health.
Missiles
 d - 21 poisoned darts (quivered)
 e - 6 curare-tipped darts
Armour
 b - a +0 robe
 c - a +1 cloak (worn)
 y - a +2 leather armour of cold resistance (worn)
Jewellery
 f - a ring of protection from fire
 o - a ring of ice (right hand)
 q - a ring of poison resistance
 v - a ring of willpower
Scrolls
 n - 5 scrolls of teleportation
 s - 2 scrolls of amnesia
 z - a scroll of identify
 A - a scroll of acquirement {unknown}
Potions
 g - a potion of resistance
 j - a potion of degeneration
 m - 3 potions of attraction
 r - a potion of lignification
 w - a potion of might


   Skills:
 + Level 5.3 Fighting
 - Level 4.0(4.6) Short Blades
 + Level 3.3(4.3) Long Blades
 + Level 5.3 Throwing
 + Level 4.6 Dodging
 + Level 8.9 Stealth


You had 8 spell levels left.
You didn't know any spells.
Your spell library contained the following spells:

 Spells                   Type           Power      Damage    Failure   Level
 Ensorcelled Hibernation  Hex/Ice        0%         N/A       61%         2
 Passwall                 Tmut/Erth      0%         N/A       61%         2
 Scorch                   Fire           0%         2d5       61%         2
 Call Canine Familiar     Summ           0%         N/A       83%         3
 Ignite Poison            Fire/Tmut/Pois 0%         N/A       83%         3
 Portal Projectile        Hex/Tloc       0%         N/A       83%         3
 Swiftness                Air            0%         N/A       83%         3
 Flame Wave               Conj/Fire      0%         2d4       99%         4
 Leda's Liquefaction      Hex/Erth       0%         N/A       99%         4
 Sticky Flame             Conj/Fire      0%         2d3       99%         4
 Lee's Rapid Deconstruct  Erth           0%         3d5*      100%        5
 Statue Form              Tmut/Erth      0%         N/A       100%        6
 Summon Cactus Giant      Summ           0%         N/A       100%        6
 Ignition                 Fire           0%         3d3       100%        8


Dungeon Overview and Level Annotations

Branches:
Dungeon (6/15)            Ossuary (visited)
 Temple: D:4-7

Altars:
Ashenzari
Dithmenos
Kikubaaqudgha
Okawaru
Wu Jian
Xom

Shops:
D:5 (

Annotations:
D:3 Grinder
D:5 exclusion: two-headed ogre


Innate Abilities, Weirdness & Mutations

You have razor-sharp teeth.
Your natural rate of healing is unusually fast.
When hurt, damage is shared between your health and your magic reserves.
Your bite disrupts and absorbs the magic of your enemies.
Potions cannot restore your health.
You are dopey. (Int -2)
You occasionally lose the ability to drink potions when taking damage.


Message History

Unknown command.
You hit the gnoll bouda. You bite the gnoll bouda. You drain its power.
You feel invigorated.
The gnoll bouda is heavily wounded.
The gnoll bouda hits you with a +0 whip of venom!
You are poisoned.
The gnoll hits you from afar with a +0 spear.
The gnoll misses you. The gnoll hits you with a +0 club.
The gnoll bouda misses you.
You slash the gnoll!
You kill the gnoll!
You feel very sick. The gnoll barely misses you.
The gnoll hits you with a +0 club. The gnoll bouda barely misses you.
The gnoll misses you.
Unknown command.
You closely miss the gnoll bouda. You bite the gnoll bouda.
You drain its power.
You feel invigorated.
The gnoll bouda is severely wounded.
You feel very sick. The gnoll completely misses you.
The gnoll bouda hits you with a +0 whip of venom!
* * * LOW HITPOINT WARNING * * *
You are lethally poisoned!
The gnoll hits you but does no damage.
Okay, then.
Okay, then.
Okay, then.
Magic courses through your body.
* * * LOW HITPOINT WARNING * * *
You feel very sick. The gnoll hits you with a +0 club.
* * * LOW HITPOINT WARNING * * *
The gnoll bouda hits you with a +0 whip of venom.
* * * LOW HITPOINT WARNING * * *
You are more poisoned.
The gnoll barely misses you.
You hit the gnoll bouda but do no damage.
You behead the gnoll bouda!
You kill the gnoll bouda!
You die...

#########
#......=#
#.......#
#.......#
#.......#
#...g...#
#....)g.#
###...)@..#
##.######'##..#
#.......'.....#
#.......#.....#
#.......#.....#
########.########
..
#.....##.###....
...
##..............
....
#..............


You could see 2 gnolls.

Vanquished Creatures
  Pikel (D:5)
  Sigmund (D:6)
  Menkaure (D:5)
  2 water moccasins (D:6)
  An ice beast (D:6)
  A sky beast (D:6)
  An ogre (D:5)
  A centaur (D:5)
  A phantom (D:5)
  2 lemures (D:5)
  2 elf zombies (Ossuary)
  A bullfrog (D:6)
  2 scorpions
  2 necrophages (D:6)
  2 orc priests
  2 jellies
  3 hounds
  A gnoll bouda (D:6)
  6 orc wizards
  Ijyb (D:5)
  4 iguanas
  2 mummies (Ossuary)
  10 gnolls
  5 adders
  A shadow imp (D:6)
  A white imp (D:6)
  2 dart slugs
  14 orcs
  6 bats
  11 endoplasms
  A giant cockroach (D:3)
  3 gnoll zombies (Ossuary)
  7 goblins
  10 hobgoblins
  4 jackals
  A quokka (D:3)
  6 ball pythons
  4 frilled lizards
  3 goblin zombies (Ossuary)
  2 hobgoblin zombies (Ossuary)
  9 kobolds
  4 orc zombies (Ossuary)
  4 rats
148 creatures vanquished.

Notes
Turn   | Place    | Note
-------+----------+-------------------------------------------
     0 | D:1      | Zonian the Vine Stalker Brigand began the quest for the
                  | Orb.
     0 | D:1      | Reached XP level 1. HP: 11/11 MP: 2/2
    95 | D:1      | Reached skill level 1 in Dodging
    95 | D:1      | Reached XP level 2. HP: 14/15 MP: 3/3
   136 | D:1      | Reached skill level 5 in Stealth
   198 | D:1      | Reached XP level 3. HP: 13/18 MP: 4/4
  1526 | D:2      | Gained mutation: Your natural rate of healing is unusually
                  | fast. [Vine Stalker growth]
  1526 | D:2      | Reached XP level 4. HP: 23/23 MP: 5/5
  2460 | D:2      | Found an ornate altar of the Wu Jian Council.
  2654 | D:3      | Noticed Grinder
  2676 | D:3      | HP: 1/23 [Grinder/nerve-wracking pain (11)]
  3566 | D:4      | Found a shimmering altar of Xom.
  3637 | D:3      | Reached XP level 5. HP: 27/27 MP: 6/6
  3868 | D:4      | Found an ancient bone altar of Kikubaaqudgha.
  4037 | D:4      | Found a shadowy altar of Dithmenos.
  4127 | D:4      | Gained mutation: You have hidden genetic defects. [potion
                  | of mutation]
  4312 | D:4      | Found a broken altar of Ashenzari.
  4335 | D:4      | Gained mutation: You occasionally lose the ability to drink
                  | potions when taking damage. [hidden defects]
  4363 | D:4      | Found an ornate altar of the Wu Jian Council.
  4429 | D:4      | Reached XP level 6. HP: 32/32 MP: 7/7
  4442 | D:4      | Gained mutation: You are dopey. (Int -2) [hidden defects]
  4442 | D:4      | Lost mutation: You have hidden genetic defects. [hidden
                  | defects expressed]
  4574 | D:5      | Entered Level 5 of the Dungeon
  4583 | D:5      | Reached skill level 6 in Stealth
  4584 | D:5      | Noticed Ijyb
  4835 | D:5      | Noticed Menkaure
  4838 | D:5      | Killed Menkaure
  4863 | D:5      | Reached XP level 7. HP: 4/36 MP: 2/8
  5518 | D:5      | Noticed a two-headed ogre
  5580 | D:5      | Reached skill level 7 in Stealth
  5915 | D:5      | Gained mutation: You have razor-sharp teeth. [Vine Stalker
                  | growth]
  5915 | D:5      | Reached XP level 8. HP: 42/42 MP: 9/9
  5959 | D:5      | Killed Ijyb
  6007 | D:5      | Found Eceto's Weapon Boutique.
  6064 | D:5      | Noticed Pikel
  6088 | D:5      | Killed Pikel
  6089 | D:5      | Reached skill level 1 in Long Blades
  6751 | D:6      | Reached skill level 8 in Stealth
  6766 | D:6      | Reached XP level 9. HP: 46/46 MP: 10/10
  6788 | D:6      | Noticed Sigmund
  6793 | D:6      | Killed Sigmund
  6886 | D:6      | Found an iron altar of Okawaru.
  6947 | D:6      | Found a sand-covered staircase.
  6951 | D:6      | Reached skill level 5 in Fighting
  6951 | D:6      | Reached skill level 5 in Throwing
  6959 | Ossuary  | Entered an ossuary
  7156 | D:5      | Bought the +7 Throatcutter {drain, coup de grace} for 531
                  | gold pieces
  7156 | D:5      | Found the +7 Throatcutter {drain, coup de grace}
  7512 | D:6      | Succumbed to a gnoll bouda's poison

Illustrated notes

Levels and vault maps discovered:
D:1:      lightli_molten_gateway, layout_basic
D:2:      layout_basic, basic_altar
D:3:      layout_loops_cross, uniq_grinder
D:4:      layout_layer_cave, lemuel_doored_altar,
          mainiacjoe_overflow_surrounded_room, mainiacjoe_overflow_big_doors,
          xom_teletrap_fun, minivault_11
D:5:      cheibrodos_two_vegetables, layout_loops_ring, serial_shops, shop,
          corexii_item_surrounded_by_moat, ebering_dispersal_statue_hall,
          uniq_ijyb, uniq_pikel, uniq_menkaure
D:6:      layout_gridville, kennysheep_mini, nicolae_ossuary_entry_monument,
          uniq_sigmund

Skill      XL: |  1  2  3  4  5  6  7  8  9 |
---------------+----------------------------+-----
Dodging        | 1 2 3 4 |  4.6
Stealth        | 5 6 7 8 |  8.9
Fighting       | 2 3 4 5 |  5.3
Short Blades   | 2 3 4 |  4.0
Throwing       | 2 3 4 5 |  5.3
Long Blades    | 2 3 |  3.3

Action                   |  1- 3 |  4- 6 |  7- 9 || total
-------------------------+-------+-------+-------++-------
Melee: Dagger            |    64 |     8 |       ||    72
       Bite              |    21 |    22 |    78 ||   121
       Punch             |     1 |     1 |     3 ||     5
       Short sword       |    17 |    89 |   111 ||   217
       Rapier            |       |       |    96 ||    96
       Long sword        |       |       |    20 ||    20
Throw: Dart              |    14 |    50 |    63 ||   127
  Use: Scroll            |     1 |    11 |     5 ||    17
       Potion            |       |     2 |     1 ||     3
 Stab: Sleeping          |     6 |     8 |     9 ||    23
       Distracted        |       |       |     1 ||     1
Armor: Robe              |    24 |    15 |    10 ||    49
       Leather armour    |       |       |    59 ||    59
Dodge: Dodged            |    40 |    43 |   154 ||   237

Table legend: (Time is in decaauts)
 A = Elapsed time spent in this place.
 B = Non-inter-level travel time spent in this place.
 C = Inter-level travel time spent in this place.
 D = Time resting spent in this place.
 E = Time spent auto-exploring this place.
 F = Levels seen in this place.
 G = Mean time per level.
                   A        B        C        D        E       F      G
               +--------+--------+--------+--------+--------+-----+--------+
         Total |   7473 |   7338 |    135 |   2618 |   2936 |   7 | 1067.6 |
       Dungeon |   7319 |   7184 |    135 |   2618 |   2881 |   6 | 1219.8 |
       Ossuary |    153 |    153 |      0 |      0 |     55 |   1 |  153.0 |
               +--------+--------+--------+--------+--------+-----+--------+

Top non-repeatable levels by time:
     D:5: 1835 daAuts
     D:2: 1444 daAuts
     D:1: 1183 daAuts
     D:4: 1150 daAuts
     D:3: 1005 daAuts
     D:6: 701 daAuts
 Ossuary: 153 daAuts
